 Dungeon Crawl Stone Soup version 0.27-a0-1220-g54dba09ff7 (webtiles) character file.

Game seed: 2440679115095815474

82 Bnni the Grave Robber (level 4, -1/33 HPs)
             Began as a Mummy Necromancer on June 7, 2021.
             Killed from afar by Terence (13 damage)
             ... with a puff of flame
             ... on level 2 of the Dungeon.
             The game lasted 00:06:50 (2369 turns).

Bnni the Grave Robber (Mummy Necromancer)           Turns: 2369, Time: 00:06:51

Health: -1/33      AC:  2    Str: 11    XL:     4   Next: 21%
Magic:  3/9        EV: 12    Int: 15    God:
Gold:   65         SH:  0    Dex: 12    Spells: 1/10 levels left

rFire    x . .     SeeInvis .   f - +4 dagger
rCold    + . .     Faith    .   (no shield)
rNeg     + + +     Spirit   .   a - +0 robe
rPois    ∞         Reflect  .   (no helmet)
rElec    .         Harm     .   (no cloak)
rCorr    .         Rampage  .   (no gloves)
Will     .....                  (no boots)
Stlth    ++........             (no amulet)
HPRegen  0.11/turn              (no ring)
MPRegen  0.11/turn              (no ring)

@: no status effects
A: cold resistance 1, negative energy resistance 3, torment resistance 2, heat
vulnerability 1, no potions
a: no special abilities


You were on level 2 of the Dungeon.
You visited 1 branch of the dungeon, and saw 2 of its levels.

You collected 65 gold pieces.

Inventory:

Hand Weapons
 f - a +4 dagger (weapon)
Missiles
 c - a throwing net
 d - 7 poisoned darts
Armour
 a - a +0 robe (worn)
Scrolls
 b - a scroll of noise {unknown}
 e - 2 scrolls of amnesia {unknown}
 g - a scroll of fear {unknown}


   Skills:
 + Level 1.6 Fighting
 - Level 1.5 Dodging
 - Level 1.5 Stealth
 + Level 3.5 Spellcasting
 * Level 5.0 Necromancy


You had one spell level left.
You knew the following spells:

 Your Spells              Type           Power      Damage    Failure   Level
a - Pain                  Necr           68%        1d7       2%          1
b - Animate Skeleton      Necr           34%        N/A       2%          1
c - Vampiric Draining     Necr           8%         2d7       7%          3
d - Animate Dead          Necr           8%         N/A       24%         4

Your spell library contained the following spells:

 Spells                   Type           Power      Damage    Failure   Level
 Agony                    Necr           17%        N/A       54%         5


Dungeon Overview and Level Annotations

Branches:
Dungeon (2/15)

Altars:

Annotations:
D:2 Terence


Innate Abilities, Weirdness & Mutations

You are immune to poison.
Your flesh is cold resistant. (rC+)
You are immune to negative energy. (rN+++)
You are immune to unholy pain and torment.
You are vulnerable to heat. (rF-)
You do not drink.


Message History

The helpless ball python fails to defend itself.
You puncture the ball python!
You kill the ball python!
Terence zaps a wand.
The puff of flame misses you.
Casting: Animate Skeleton (safe; 2% risk of failure)
Confirm with . or Enter, or press ? or * to list all spells.
Aiming: Pain (safe; 2% risk of failure)
Press: ? - help, Shift-Dir - straight line, f - Terence
Aim: Terence, wielding a +1 short sword of draining, wearing a +0 scale mail and carrying a wand of flame (14) (chance to affect: 82%) Terence writhes in agony.
You closely miss Terence.
Terence is lightly wounded.
Terence hits you with a +1 short sword of draining.
You hit Terence but do no damage.
Terence is lightly wounded.
Terence zaps a wand.
The puff of flame hits you! The fire burns you terribly!
Casting: Pain (safe; 2% risk of failure)
Confirm with . or Enter, or press ? or * to list all spells.
Aiming: Pain (safe; 2% risk of failure)
Press: ? - help, Shift-Dir - straight line, f/p - Terence
Aim: Terence, wielding a +1 short sword of draining, wearing a +0 scale mail and carrying a wand of flame (13) (lightly wounded, chance to affect: 82%) Terence barely resists.
Terence zaps a wand.
The puff of flame misses you.
Casting: Pain (safe; 2% risk of failure)
Confirm with . or Enter, or press ? or * to list all spells.
The spell is quite dangerous to cast (7% risk of failure)!
Continue anyway?
Okay, then.
Casting: Vampiric Draining (quite dangerous; 7% risk of failure)
Confirm with . or Enter, or press ? or * to list all spells.
The spell is quite dangerous to cast (7% risk of failure)!
Continue anyway?
Aiming: Vampiric Draining (quite dangerous; 7% risk of failure)
Press: ? - help, Shift-Dir - straight line, f/p - Terence
Aim: Terence, wielding a +1 short sword of draining, wearing a +0 scale mail and carrying a wand of flame (12) (lightly wounded)
You draw life force from Terence.
You feel life coursing into your body.
Terence hits you with a +1 short sword of draining.
Aiming: Pain (safe; 2% risk of failure)
Press: ? - help, Q - select action, (/) - cycle Shift-Dir - straight line, f/p - Terence
Aim: Terence, wielding a +1 short sword of draining, wearing a +0 scale mail and carrying a wand of flame (12) (heavily wounded, chance to affect: 82%) Terence barely resists.
Terence zaps a wand.
The puff of flame hits you! The fire burns you terribly!
You die...

#..............#.#####
#<#####.###.###..#
#.##.#####.#####
#...............
#.##.......#####
#.....!.......##
##.###...........
#.####..###.....###.##
#...@@........#.# #.##
######.########.# #...
#.# #.# #.## #.# #.#
#.# #.# #.# #.###.##
#.# #....... #.#
########


You could see Terence.

Vanquished Creatures
  An adder (D:2)
  A dart slug (D:1)
  4 ball pythons
  5 bats
  2 endoplasms (D:1)
  3 giant cockroaches
  3 goblins
  4 hobgoblins (D:1)
  14 jackals (D:2)
  7 kobolds
  2 quokkas
  7 frilled lizards
  6 rats
59 creatures vanquished.

Vanquished Creatures (collateral kills)
  A dart slug (D:2)
  A kobold (D:1)
2 creatures vanquished.

Grand Total: 61 creatures vanquished

Notes
Turn   | Place    | Note
-------+----------+-------------------------------------------
     0 | D:1      | Bnni the Mummy Necromancer began the quest for the Orb.
     0 | D:1      | Reached XP level 1. HP: 13/13 MP: 4/4
    89 | D:1      | Learned a level 1 spell: Animate Skeleton
   272 | D:1      | Reached XP level 2. HP: 20/20 MP: 0/5
   519 | D:1      | Reached skill level 1 in Fighting
   950 | D:1      | Reached XP level 3. HP: 26/26 MP: 5/7
   954 | D:1      | Learned a level 3 spell: Vampiric Draining
  1422 | D:2      | Found a faded altar of an unknown god.
  1928 | D:2      | Reached XP level 4. HP: 29/32 MP: 7/9
  2090 | D:2      | Reached skill level 5 in Necromancy
  2235 | D:2      | Learned a level 4 spell: Animate Dead
  2359 | D:2      | Noticed Terence
  2369 | D:2      | Killed from afar by Terence

Illustrated notes

Levels and vault maps discovered:
D:1:      beargit_arrival_diablo_church, layout_basic, hangedman_decor_growths
D:2:      layout_loops_ring, hellmonk_ecumenical_altar_prayer_group,
          uniq_terence

Skill      XL: |  1  2  3  4 |
---------------+-------------+-----
Spellcasting   | 3 |  3.5
Fighting       | 1 |  1.6
Necromancy     | 5 |  5.0
Dodging        | |  1.5
Stealth        | |  1.5

Action                   |  1- 3 |  4- 6 || total
-------------------------+-------+-------++-------
Melee: Unarmed           |    17 |       ||    17
       Whip              |    35 |       ||    35
       Dagger            |    14 |    27 ||    41
 Cast: Pain              |    57 |     3 ||    60
       Animate Skeleton  |    15 |     2 ||    17
       Vampiric Draining |     1 |     1 ||     2
 Stab: Sleeping          |       |     2 ||     2
Armor: Robe              |    10 |     5 ||    15
Dodge: Dodged            |    41 |    16 ||    57

Table legend: (Time is in decaauts)
 A = Elapsed time spent in this place.
 B = Non-inter-level travel time spent in this place.
 C = Inter-level travel time spent in this place.
 D = Time resting spent in this place.
 E = Time spent auto-exploring this place.
 F = Levels seen in this place.
 G = Mean time per level.
                   A        B        C        D        E       F      G
               +--------+--------+--------+--------+--------+-----+--------+
         Total |   2371 |   2364 |      7 |    487 |   1452 |   2 | 1185.5 |
       Dungeon |   2371 |   2364 |      7 |    487 |   1452 |   2 | 1185.5 |
               +--------+--------+--------+--------+--------+-----+--------+

Top non-repeatable levels by time:
     D:1: 1228 daAuts
     D:2: 1142 daAuts
